 Dungeon Crawl Stone Soup version 0.30.1-4-g462c640d31 (webtiles) character file.

Game seed: 4860121055575752738

30 Arctor the Digger (level 3, 0/19 HPs)
             Began as a Gargoyle Earth Elementalist on Sept 18, 2023.
             Slain by a hobgoblin (3 damage)
             ... on level 1 of the Dungeon.
             The game lasted 00:01:04 (1142 turns).

Arctor the Digger (Gargoyle Earth Elementalist)     Turns: 1142, Time: 00:01:04

Health: 0/19       AC:  5    Str: 11    XL:     3   Next: 18%
Magic:  1/6        EV: 12    Int: 17    God:
Gold:   23         SH:  0    Dex: 10    Spells: 5/6 levels left

rFire   . . .        (no weapon)
rCold   . . .        (no shield)
rNeg    + . .        a - +0 robe
rPois   ∞            (no helmet)
rElec   +            (no cloak)
rCorr   .            (no gloves)
SInv    .            (no boots)
Will    .....        (no amulet)
Stlth   ++           (no ring)
HPRegen 0.23/turn    (no ring)
MPRegen 0.10/turn

%: no passive effects
@: no status effects
A: sickness immunity, AC +3, negative energy resistance 1, electricity
resistance, torment resistance 1, petrification resistance
a: no special abilities


You were on level 1 of the Dungeon.
You visited 1 branch of the dungeon, and saw 1 of its levels.

You collected 23 gold pieces.

Inventory:

Armour
 a - a +0 robe (worn)
Scrolls
 d - a scroll of magic mapping {unknown}
 e - a scroll of amnesia {unknown}
 f - a scroll of identify {unknown}
 g - a scroll of poison {unknown}
 h - a scroll of fear {unknown}
 i - a scroll of brand weapon {unknown}
Potions
 b - a potion of magic
 c - a potion of curing {unknown}


   Skills:
 + Level 1.9 Dodging
 + Level 2.7 Stealth
 + Level 2.2 Spellcasting
 + Level 1.2 Transmutations
 + Level 3.9 Earth Magic


You had 5 spell levels left.
You knew the following spells:

 Your Spells              Type           Power      Damage    Failure   Level
a - Sandblast             Erth           30%        2d9       3%          1

Your spell library contained the following spells:

 Spells                   Type           Power      Damage    Failure   Level
 Passwall                 Tmut/Erth      8%         N/A       10%         2
 Stone Arrow              Conj/Erth      16%        3d8       26%         3
 Petrify                  Tmut/Erth      10%        N/A       54%         4


Dungeon Overview and Level Annotations

Branches:
Dungeon (1/15)

Altars:


Innate Abilities, Weirdness & Mutations

You are immune to sickness and miasma.
Your stone body is resilient. (AC +3)
You are immune to poison.
You resist negative energy. (rN+)
You are resistant to electric shocks. (rElec)
You are resistant to unholy torment.
You are immune to petrification.


Message History

The hobgoblin closely misses you. The rat bites you but does no damage.
Casting: Sandblast (safe; 3% risk of failure)
Confirm with . or Enter, or press ? or * to list all spells.
Aiming: Sandblast (safe; 3% risk of failure)
Press: ? - help, Shift-Dir - straight line, f/p - hobgoblin
Aim: a hobgoblin, wearing a +0 leather armour (severely wounded, 82% to hit)
You miscast Sandblast.
You are very lightly contaminated with residual magic.
Nothing appears to happen.
The rat closely misses you. The hobgoblin hits you.
Unknown command.
You barely miss the hobgoblin.
The hobgoblin is severely wounded.
The rat misses you. The hobgoblin barely misses you.
You hit the hobgoblin but do no damage.
The hobgoblin is severely wounded.
The rat misses you. The hobgoblin misses you.
You hit the hobgoblin but do no damage.
The hobgoblin is severely wounded.
The hobgoblin barely misses you. The rat barely misses you.
Casting: Sandblast (safe; 3% risk of failure)
Confirm with . or Enter, or press ? or * to list all spells.
Aiming: Sandblast (safe; 3% risk of failure)
Press: ? - help, Shift-Dir - straight line, f/p - hobgoblin
Aim: a hobgoblin, wearing a +0 leather armour (severely wounded, 82% to hit)
The blast of sand hits the hobgoblin but does no damage.
The hobgoblin is severely wounded.
The hobgoblin hits you. The rat bites you but does no damage.
The hobgoblin hits you. The rat bites you.
* * * LOW HITPOINT WARNING * * *
The rat attacks as you move away! The rat closely misses you.
The hobgoblin attacks as you move away! The hobgoblin hits you.
* * * LOW HITPOINT WARNING * * *
Your magical contamination has completely faded away.
Casting: Sandblast (safe; 3% risk of failure)
Confirm with . or Enter, or press ? or * to list all spells.
Aiming: Sandblast (safe; 3% risk of failure)
Press: ? - help, Shift-Dir - straight line, f/p - hobgoblin
Aim: a hobgoblin, wearing a +0 leather armour (severely wounded, 82% to hit)
The blast of sand misses the hobgoblin.
The hobgoblin hits you.
You die...

....##.#.# #..#....##
#........# #.#......#
#....)†..+ #......#
#### #......#
##########<># #....gr#
#............
######@####.##..##.....
#....#............
###..#.#.######.....
#......#.......[....
#.#..###.###########
#.#..............)..
#.#.################
#.)....# #....#.#


You could see a hobgoblin and a rat.

Vanquished Creatures
  2 dart slugs (D:1)
  3 endoplasms (D:1)
  4 giant cockroaches (D:1)
  A goblin (D:1)
  5 kobolds (D:1)
  3 quokkas (D:1)
  A ball python (D:1)
  A bat (D:1)
  A frilled lizard (D:1)
  A rat (D:1)
22 creatures vanquished.

Notes
Turn   | Place    | Note
-------+----------+-------------------------------------------
     0 | D:1      | Arctor the Gargoyle Earth Elementalist began the quest for
                  | the Orb.
     0 | D:1      | Reached XP level 1. HP: 10/10 MP: 3/3
   509 | D:1      | Reached skill level 1 in Transmutations
   509 | D:1      | Reached XP level 2. HP: 14/15 MP: 3/5
   787 | D:1      | Reached XP level 3. HP: 19/19 MP: 2/6
   831 | D:1      | Found a faded altar of an unknown god.
  1142 | D:1      | Slain by a hobgoblin

Illustrated notes

Levels and vault maps discovered:
D:1:      dpeg_arrival_line_fractal, layout_basic,
          hellmonk_ecumenical_altar_defaced_shrine, nrook_campfire,
          hangedman_decor_push, st_stairs_1, hangedman_decor_clover_reticule,
          minmay_liquid_box, minmay_tromino_v7

Skill      XL: |  1 |
---------------+----+-----
Transmutations | 1 |  1.2
Dodging        | |  1.9
Stealth        | |  2.7
Spellcasting   | |  2.2
Earth Magic    | |  3.9

Action                     || total
---------------------------++-------
  Melee: Unarmed           ||    46
   Cast: Sandblast         ||    41
 Armour: Robe              ||    22
  Dodge: Dodged            ||    56
